[Event "*** SCC Grand Prix: Titled Tuesday Blitz"]
[Site "Chess.com"]
[Date "2020.09.08"]
[Round "4"]
[White "Rodalquilar"]
[Black "swimmerchess"]
[Result "0-1"]
[WhiteElo "2647"]
[BlackElo "2861"]
[TimeControl "180+1"]
[EndTime "10:40:25 PDT"]
[Termination "swimmerchess won on time"]

1. d4 Nf6 2. Bf4 g6 3. e3 Bg7 4.
Nf3 O-O 5. Be2 d6 6. O-O Nbd7 7.
h3 b6 8. Bh2 Bb7 9. a4 a6 10.
Nbd2 Re8 11. c3 e5 12. Qb3 e4 13. Ne1 a5 14. Nc2 h5 15. Na3 Nf8 16. Bc4 Ne6 17. Bb5 Rf8 18. Rfd1 Qe7 19. Bf1 h4 20. Rac1 Ng5 21.
c4 Bc8 22. c5 bxc5 23. dxc5 Be6 24. Qb7 dxc5 25. Qxc7 Qxc7 26. Bxc7 Nd5 27. Rxc5 Nxc7 28. Rxc7 Bxb2 29. Nac4 Bc3 30. Nb6 Rab8 31. Rxc3 Rxb6 32. Rc5 f5 33. Rxa5 Rd6 34. Ra6 Rxa6 35. Bxa6 Rd8 36.
Be2 Ra8 37. Ra1 Nf7 38. a5 Ne5 39. a6 Kf7 40. Ra5 Nc6 41. Rc5 Nb4 42. Rc7+ Kf6 43. a7 Nd5 44. Rb7 Bc8 45. Rb8 Rxa7 46. Rxc8 Ra2 47.
Rc6+ Kg7 48. Nxe4 Rxe2 49. Ng5 Nb4 50. Rc7+ Kf6 51. Nf3 g5 52. Rc6+ Nxc6 0-1

[Event "*** SCC Grand Prix: Titled Tuesday Blitz"]
[Site "Chess.com"]
[Date "2020.09.08"]
[Round "4"]
[White "GM_Levan_Pantsulaia"]
[Black "wannabe2700"]
[Result "1/2-1/2"]
[WhiteElo "2854"]
[BlackElo "2638"]
[TimeControl "180+1"]
[EndTime "10:40:25 PDT"]
[Termination "Game drawn by stalemate"]

1. Nf3 f5 2. g3 Nf6 3. Bg2 g6 4. O-O Bg7 5. c4 O-O 6. Nc3 d6 7. d4 c6 8. b3 Na6 9. Bb2 Qc7 10. d5 e5 11. dxe6 Bxe6 12. Ng5 Bc8 13. Qc2 h6 14. Nf3 Be6 15. Rad1 Rad8 16. e3 Rfe8 17. Nd4 Bf7 18. Nde2 d5 19. cxd5 Nb4 20. Qb1 Nbxd5 21. Nxd5 Nxd5 22.
Bxg7 Kxg7 23. Qb2+ Qe5 24. Qxe5+ Rxe5 25. Nc3 Kf6 26.
Rd4 Ke7 27. Bxd5 Bxd5 28. Rfd1 a5 29. Kf1 Rd7 30. Ke2 Be6 31. Rxd7+ Bxd7 32. h4 b5 33. Nb1 Rc5 34. Kd2 Be6 35. Rc1 Kd6 36. Rxc5 Kxc5 37. Kc3 b4+ 38. Kc2 a4 39. bxa4 Bxa2 40. Nd2 Kb6 41.
Nb3 Bxb3+ 42. Kxb3 c5 43. g4 h5 44. gxf5 gxf5 45. f3 Ka5 46. e4 fxe4 47. fxe4 c4+ 48.
Kxc4 Kxa4 49. e5 b3 50. e6 b2 51. e7 b1=Q 52. e8=Q+ Ka3 53. Qe3+ Kb2 54. Qc3+ Ka2 55. Qa5+ Kb2 56. Qb4+ Kc2 57. Qxb1+ Kxb1 58. Kd4 Kc2 59. Ke4 Kc3 60. Kf5 Kd4 61. Kg5 Ke5 62. Kxh5 Kf6 63. Kh6 Kf7 64. h5 Kg8 65. Kg6 Kh8 66. h6 Kg8 67. h7+ Kh8 68. Kh6 1/2-1/2

[Event "*** SCC Grand Prix: Titled Tuesday Blitz"]
[Site "Chess.com"]
[Date "2020.09.08"]
[Round "4"]
[White "Abdimalik_Abdisalimov"]
[Black "blitis"]
[Result "1-0"]
[WhiteElo "2748"]
[BlackElo "2505"]
[TimeControl "180+1"]
[EndTime "10:40:26 PDT"]
[Termination "Abdimalik_Abdisalimov won on time"]

1. d4 g6 2. c4 f5 3. g3 Nf6 4. Bg2 Bg7 5. Nf3 O-O 6. O-O d6 7. Nc3 Qe8 8. d5 Na6 9. Nd4 Nc5 10. b3 a5 11. Ba3 Na6 12. Rc1 g5 13. Qd2 Qh5 14. f4 gxf4 15. gxf4 Kh8 16. e3 Rg8 17.
Kh1 Ng4 18. Bf3 Bd7 19. Rg1 Bf6 20. Bb2 Rg6 21. Rg3 Rag8 22. Rcg1 Bh4 23. Nce2 Bf6 24. R1g2 Qh4 25. Kg1 Nxh2 26. Rxg6 Rxg6 27. Rxg6 hxg6 28. Bg2 Ng4 29. Nc3 Qh2+ 30. Kf1 Nc5 31. Nf3 Qg3 32.
Nd1 Kg7 33. Bxf6+ exf6 34. Qxa5 Ne4 35. Qxc7 Nh2+ 36. Nxh2 Qxh2 37. Qxd7+ Kh6 38. Bxe4 fxe4 39. Qg4 f5 40. Qg2 Qh5 41. Ke1 Qh4+ 42. Nf2 Kg7 43. Qh3 Qf6 44. Nd1 Qa1 45. Qg2 Qb1 46. Qb2+ Qxb2 47.
Nxb2 1-0

[Event "*** SCC Grand Prix: Titled Tuesday Blitz"]
[Site "Chess.com"]
[Date "2020.09.08"]
[Round "4"]
[White "maxip32"]
[Black "latixxa"]
[Result "0-1"]
[WhiteElo "2365"]
[BlackElo "2146"]
[TimeControl "180+1"]
[EndTime "10:40:26 PDT"]
[Termination "latixxa won on time"]

1. e4 e5 2. Nf3 Nf6 3. Nxe5 d6 4. Nf3 Nxe4 5. Bd3 Nf6 6. O-O Be7 7. c3 O-O 8. Bc2 d5 9. d4 Bg4 10. Nbd2 c6 11.
Re1 Nbd7 12. Nf1 Bd6 13. Ne3 Be6 14. Nf5 Bxf5 15. Bxf5 Re8 16. Bg5 h6 17. Bh4 Qc7 18. Qd3 Rxe1+ 19. Rxe1 Re8 20. Rxe8+ Nxe8 21. Qe3 Nef6 22.
Bg3 Bxg3 23. hxg3 Nf8 24. Ne5 Qe7 25. a4 Ne6 26. Ng6 Qe8 27. Ne5 Qe7 28. f3 Nd7 29. Nd3 Kf8 30. Kf2 Nd8 31. Bxd7 Qxd7 32. Nc5 Qc7 33. Qd3 g6 34. Qe3 Kg7 35. Qe8 b6 36.
Nd7 Ne6 37. Qe7 Qd8 38. Qd6 Qc8 39. Ne5 c5 40. Qxd5 cxd4 41. cxd4 Qc2+ 42. Kg1 Qd1+ 43.
Kh2 Qxd4 44. Qxd4 Nxd4 45. Kg1 Nb3 46. Kf2 Nc5 0-1

[Event "*** SCC Grand Prix: Titled Tuesday Blitz"]
[Site "Chess.com"]
[Date "2020.09.08"]
[Round "4"]
[White "Kazan28"]
[Black "AldokhinIvan"]
[Result "0-1"]
[WhiteElo "2243"]
[BlackElo "2572"]
[TimeControl "180+1"]
[EndTime "10:40:27 PDT"]
[Termination "AldokhinIvan won by resignation"]

1. Nf3 Nf6 2. g3 g6 3. Bg2 Bg7 4. O-O O-O 5. d4 d6 6. b3 Nc6 7.
Bb2 Qe8 8. c4 e5 9. dxe5 dxe5 10. Ba3 e4 11. Ne1 Ng4 12. Bxf8 Bxa1 13. Ba3 Bf5 14.
Qc1 Bg7 15. Nc3 Qe5 16. Bb2 Nd4 17. e3 Ne2+ 18. Nxe2 Qxb2 19. Qxb2 Bxb2 20. Nd4 Rd8 21. Nec2 c5 22. Nxf5 gxf5 23. Rb1 Bc3 24. f3 Ne5 25. fxe4 Rd2 26. Ne1 fxe4 27. Bxe4 Re2 28. Nd3 Rxe3 29. Nxe5 Rxe4 30. Nd3 Re2 31. a4 Bd4+ 32. Kh1 a5 33.
Nf4 Rd2 34. h4 Kg7 35. Rf1 Rb2 36. Nh5+ Kh6 37. g4 Rxb3 38. Rxf7 Rh3+ 39. Kg2 Rxh4 40. Kg3 Rh1 41. Rxb7 Rg1+ 42. Kf4 Rf1+ 43. Ke4 Kg5 44. Rxh7 Kxg4 45. Ng7 Rf7 46. Kd5 Bxg7 47. Rh6 Rf5+ 0-1

[Event "*** SCC Grand Prix: Titled Tuesday Blitz"]
[Site "Chess.com"]
[Date "2020.09.08"]
[Round "4"]
[White "pavelalexandru07"]
[Black "zmeeed67"]
[Result "1-0"]
[WhiteElo "2276"]
[BlackElo "2425"]
[TimeControl "180+1"]
[EndTime "10:40:27 PDT"]
[Termination "pavelalexandru07 won by checkmate"]

1. e4 Nc6 2. d4 d6 3. c4 e5 4. d5 Nce7 5. Nc3 Ng6 6. Bd3 Be7 7.
g3 Nf6 8. h4 h6 9. f3 c5 10.
Be3 a6 11. Qe2 Bd7 12. O-O-O b5 13. cxb5 axb5 14. Bxb5 O-O 15. Bc4 Qa5 16. Qc2 Rfb8 17. Kd2 Rb4 18. b3 Bd8 19. Ke2 Qa7 20. a4 Ba5 21.
Kf2 Rf8 22. Nb5 Qb8 23. Bd2 Nh5 24. Bxb4 Bxb4 25. g4 Nhf4 26. h5 Ne7 27. Ne2 Nxe2 28.
Qxe2 Nc8 29. Rdg1 f6 30. Rd1 Kh8 31. Ra1 Ba5 32. Qd3 Ne7 33. Nc3 Qc8 34. Ne2 Bxg4 35. fxg4 Qxg4 36. Qf3 Qg5 37. Rag1 Qd2 38. Qe3 Qb4 39.
Ng3 f5 40. Nxf5 Nxf5 41. exf5 Rxf5+ 42. Kg3 Rg5+ 43. Kh3 Rxh5+ 44. Kg4 Rxh1 45. Rxh1 Qb7 46. Rf1 Qd7+ 47. Kg3 Bd8 48. Qe4 Bf6 49. Bd3 Qc7 50.
Qh7# 1-0

[Event "*** SCC Grand Prix: Titled Tuesday Blitz"]
[Site "Chess.com"]
[Date "2020.09.08"]
[Round "4"]
[White "PavelChernomordik"]
[Black "iLuusions"]
[Result "0-1"]
[WhiteElo "2344"]
[BlackElo "2571"]
[TimeControl "180+1"]
[EndTime "10:40:28 PDT"]
[Termination "iLuusions won on time"]

1. e4 c5 2. Nc3 d6 3. f4 a6 4. Nf3 Nf6 5. g3 e6 6. Bg2 Be7 7. O-O Nc6 8. d3 O-O 9. Qe2 Qc7 10. h3 b5 11. g4 Bb7 12. Be3 b4 13. Nd1 a5 14. Nf2 a4 15. f5 d5 16. Rae1 d4 17. Bc1 e5 18. Nd2 Nd7 19. Nf3 b3 20. cxb3 axb3 21.
a3 Ba6 22. g5 c4 23. f6 cxd3 24. Qd2 gxf6 25. gxf6 Bxf6 26. Qh6 Bg7 27. Qh5 Nf6 28. Qh4 Ne7 29. Ng4 Nxg4 30. Qxg4 Ng6 31. h4 d2 32.
Bxd2 Bxf1 33. Rxf1 Nf4 34. h5 Nxg2 35. h6 f5 36. exf5 Nf4 37. hxg7 Qxg7 38. Qxg7+ Kxg7 39. Nxe5 Ne2+ 40. Kg2 Rae8 41. Nd7 Rf7 42. Nc5 Re5 43.
Ne6+ Kg8 44. Ng5 Rfxf5 45. Nf3 Re6 46. Kf2 d3 0-1

[Event "*** SCC Grand Prix: Titled Tuesday Blitz"]
[Site "Chess.com"]
[Date "2020.09.08"]
[Round "4"]
[White "Morshynska"]
[Black "Chessmatus"]
[Result "0-1"]
[WhiteElo "2168"]
[BlackElo "2396"]
[TimeControl "180+1"]
[EndTime "10:40:28 PDT"]
[Termination "Chessmatus won on time"]

1. e4 c5 2. Nf3 d6 3. Bb5+ Nd7 4. d4 cxd4 5. Qxd4 a6 6. Bxd7+ Bxd7 7. c4 Nf6 8. Nc3 e6 9. e5 dxe5 10. Nxe5 Rc8 11.
Nxd7 Qxd7 12. Qh4 Qc6 13. O-O Qxc4 14. Qg3 Be7 15. Qxg7 Rg8 16. Qh6 Qg4 17. g3 Rg6 18. Qf4 Qh3 19. Qf3 h5 20. Qg2 Qxg2+ 21. Kxg2 h4 22. Bf4 Nh5 23. Be3 f5 24. Kf3 h3 25.
Rac1 Nf6 26. Rh1 Ng4 27. Ke2 Rc6 28. Ba7 b6 29. f3 Ne5 30. Bb8 Nd7 31. Bf4 e5 32.
Be3 Rgd6 33. Rhd1 Nf6 34. Rxd6 Rxd6 35. Bg5 Kf7 36. Bxf6 Kxf6 37. g4 Bf8 38. gxf5 Kxf5 39. Ne4 Rg6 40. Kd3 Rg2 41. Rc6 Bg7 42. Rc7 Kg6 43.
Rc6+ Kh7 44. Rxb6 Kg8 0-1

[Event "*** SCC Grand Prix: Titled Tuesday Blitz"]
[Site "Chess.com"]
[Date "2020.09.08"]
[Round "4"]
[White "ItsCheckM8Mate"]
[Black "Euge_chess"]
[Result "1-0"]
[WhiteElo "2323"]
[BlackElo "2104"]
[TimeControl "180+1"]
[EndTime "10:40:28 PDT"]
[Termination "ItsCheckM8Mate won on time"]

1. e4 e5 2. Nf3 Nc6 3. Bb5 Nf6 4.
d3 Bc5 5. O-O d6 6. c3 O-O 7.
Nbd2 Bg4 8. Re1 Ne7 9. Nf1 c6 10.
Ba4 b5 11. Bc2 Qc7 12. Ng3 d5 13. h3 Bxf3 14. Qxf3 dxe4 15. Nxe4 Nxe4 16. Qxe4 Ng6 17. Bb3 Kh8 18. d4 exd4 19. cxd4 Bb6 20. Bg5 f6 21. Be3 Rad8 22. Rac1 Rd6 23. Red1 Rfd8 24. h4 Qe7 25. Qg4 Qd7 26. Qxd7 R8xd7 27. h5 Ne7 28. Re1 Nd5 29. Bxd5 Rxd5 30. Rxc6 Rxh5 31. d5 h6 32.
Bxb6 axb6 33. d6 Rd5 34. Re6 Rd1+ 35. Kh2 Rd2 36. Rxb6 Rxf2 37. Re7 Rd8 38. Rxb5 Rd2 39. Rbb7 R2xd6 40. Rxg7 Rd2 41. a4 1-0

[Event "*** SCC Grand Prix: Titled Tuesday Blitz"]
[Site "Chess.com"]
[Date "2020.09.08"]
[Round "4"]
[White "jamik13"]
[Black "laboratorio25"]
[Result "0-1"]
[WhiteElo "2198"]
[BlackElo "2403"]
[TimeControl "180+1"]
[EndTime "10:40:29 PDT"]
[Termination "laboratorio25 won on time"]

1. d4 d5 2. Nc3 Nf6 3. Bf4 c6 4.
e3 Bf5 5. f3 e6 6. g4 Bg6 7. h4 h5 8. g5 Nfd7 9. Bd3 Bxd3 10.
Qxd3 g6 11. Nge2 Bg7 12. O-O-O O-O 13. e4 b5 14. Bd6 Re8 15. e5 a5 16. Nf4 Nf8 17. Nce2 Nbd7 18. Ng3 c5 19. c3 b4 20. Kd2 bxc3+ 21. bxc3 cxd4 22. cxd4 Nb6 23. Ke2 Nc4 24. Bc5 Qc7 25. Rc1 Bxe5 26. dxe5 Qxc5 27. Ngxh5 gxh5 28. Nxh5 Qa3 29. Nf6+ Kh8 30. Qxa3 Nxa3 31. Nxe8 Rxe8 32. Rc7 Ng6 33. Rxf7 Nxe5 34. Ra7 Nac4 35. f4 Ng6 36.
Rf7 Kg8 37. Rf6 Nf8 38. h5 Nd6 39. h6 Nf5 40. g6 Ng3+ 41. Kf3 Nxh1 42. h7+ Kh8 43. Kg2 d4 44. Kxh1 d3 45. Rf7 Nxg6 46. Rd7 Nxf4 47. Kh2 Nd5 48. Rf7 d2 49. Rf1 Ne3 0-1

[Event "*** SCC Grand Prix: Titled Tuesday Blitz"]
[Site "Chess.com"]
[Date "2020.09.08"]
[Round "4"]
[White "LPSupi"]
[Black "PIwan"]
[Result "0-1"]
[WhiteElo "2840"]
[BlackElo "2545"]
[TimeControl "180+1"]
[EndTime "10:40:30 PDT"]
[Termination "PIwan won on time"]

1. e4 e6 2. d4 d5 3. e5 c5 4. c3 Qb6 5. Nf3 Nc6 6. Be2 cxd4 7.
cxd4 Nge7 8. Na3 Nf5 9. Nc2 Bb4+ 10. Kf1 Be7 11. h4 Bd7 12. h5 f6 13. g4 Nh6 14.
exf6 Bf8 15. Bxh6 gxh6 16. b4 Qd8 17. b5 Nb8 18. Qd2 Qxf6 19. g5 hxg5 20. Qxg5 Be7 21. Rg1 a6 22. Qxf6 Bxf6 23. a4 axb5 24. axb5 Rxa1+ 25. Nxa1 Ke7 26. Nb3 Be8 27. Ne5 Nd7 28. Nxd7 Bxd7 29. h6 Ra8 30. Rg3 Ra3 31. Kg2 Be8 32.
b6 Bg6 33. Bg4 Be4+ 34. Kh3 Ra6 35. Nc5 Rxb6 36. Nxe4 dxe4 37. Re3 Bxd4 38. Rxe4 e5 39. f4 Kf6 40. fxe5+ Bxe5 41. Be2 Rb3+ 42. Kg2 Rb2 43.
Kf1 b5 44. Bd3 b4 45. Rg4 Rh2 46. Rxb4 Rxh6 47. Rb6+ Kg5 48. Rb5 Kf4 49. Rb4+ Kf3 0-1

[Event "*** SCC Grand Prix: Titled Tuesday Blitz"]
[Site "Chess.com"]
[Date "2020.09.08"]
[Round "4"]
[White "Bayernbk"]
[Black "1stSecond"]
[Result "0-1"]
[WhiteElo "2520"]
[BlackElo "2792"]
[TimeControl "180+1"]
[EndTime "10:40:30 PDT"]
[Termination "1stSecond won on time"]

1. e4 Nf6 2. Nc3 d6 3. Nf3 g6 4.
d4 Bg7 5. Be2 O-O 6. O-O Nbd7 7.
Be3 e5 8. h3 h6 9. Re1 Qe7 10.
a4 Rd8 11. Bc4 Nb6 12. Ba2 a5 13. Qe2 Nh5 14. dxe5 dxe5 15. Bxb6 Nf4 16. Qc4 cxb6 17. Nd5 Nxd5 18. exd5 Bf5 19. Nh4 Rac8 20. Nxf5 gxf5 21. d6 Qf6 22. Qd5 Rxd6 23. Qxb7 Rcd8 24. Qf3 e4 25. Qh5 Qg5 26. Bxf7+ Kf8 27. g4 R8d7 28. Be8 Re7 29. Qxg5 hxg5 30. Bb5 f4 31. Rad1 Rxd1 32. Rxd1 Bxb2 33.
Rd5 Be5 34. Rd8+ Kf7 35. Rd7 Bc3 36. Bc4+ Kf6 37. Rd6+ Ke5 38. Rd5+ Kf6 39. Rd6+ Kg7 40. Rxb6 e3 41. fxe3 Rxe3 42. Rb7+ Kf6 43. Rb6+ Ke7 44.
Rb7+ Kd6 45. Bb5 Rg3+ 0-1

[Event "*** SCC Grand Prix: Titled Tuesday Blitz"]
[Site "Chess.com"]
[Date "2020.09.08"]
[Round "4"]
[White "AlexSuv"]
[Black "Nayemhaque22"]
[Result "1-0"]
[WhiteElo "2538"]
[BlackElo "2334"]
[TimeControl "180+1"]
[EndTime "10:40:31 PDT"]
[Termination "AlexSuv won on time"]

1. d4 Nf6 2. Nf3 e6 3. Bg5 d5 4.
Nbd2 Be7 5. e3 b6 6. Bd3 h6 7.
Bh4 Ba6 8. Bxa6 Nxa6 9. O-O O-O 10. Ne5 Nb8 11. f4 c5 12. c3 Nfd7 13. Bxe7 Qxe7 14. Qg4 Nxe5 15. fxe5 Nd7 16. Nf3 f6 17. exf6 Nxf6 18. Qh4 Qc7 19. Ne5 Ne4 20. Qg4 Qd6 21.
Ng6 Rf6 22. Rxf6 Nxf6 23. Qh3 Kh7 24. Ne5 Rf8 25. Rf1 Ne4 26. Rxf8 Qxf8 27. Qf3 Qd8 28. g3 cxd4 29. exd4 Qg5 30. Qf4 Qxf4 31. gxf4 Nd2 32. Nc6 Nc4 33. b3 Ne3 34. Nxa7 Kg6 35. Nc8 b5 36. Nd6 Kf6 37. Nxb5 Ke7 38. a4 Kd7 39. Kf2 Ng4+ 40. Kg3 Nf6 41. a5 Kc6 42. a6 Kb6 43. a7 Kb7 44. c4 Ne4+ 45. Kg4 Nd2 46. c5 Ne4 47. c6+ Ka8 48. c7 Nd6 49. Nxd6 1-0

[Event "*** SCC Grand Prix: Titled Tuesday Blitz"]
[Site "Chess.com"]
[Date "2020.09.08"]
[Round "4"]
[White "NotFischer"]
[Black "AsaHoffmann"]
[Result "1-0"]
[WhiteElo "2237"]
[BlackElo "2394"]
[TimeControl "180+1"]
[EndTime "10:40:31 PDT"]
[Termination "NotFischer won by resignation"]

1. e4 d6 2. d4 Nf6 3. Nc3 c6 4. Nf3 Bg4 5. h3 Bh5 6. Be3 e6 7. g4 Bg6 8. Nd2 d5 9. e5 Nfd7 10. Bg2 c5 11. f4 cxd4 12. Bxd4 Nc6 13. Nf3 Nxd4 14. Qxd4 Bc5 15. Qd2 a6 16. a3 Qa5 17.
O-O-O Bxa3 18. Nxd5 Bxb2+ 19. Kxb2 Qb5+ 20. Qb4 exd5 21. Qxb5 axb5 22. f5 Nb6 23. Ra1 Nc4+ 24. Kb1 Rc8 25.
fxg6 hxg6 26. Rd1 Ne3 27. Rd2 O-O 28. Ra7 Rc3 29. Nd4 Rc4 30. Bf3 Re8 31. e6 fxe6 32.
Re2 Nd1 33. Rxe6 Nc3+ 34. Ka1 Rxe6 35. Nxe6 Kf7 36. Ng5+ Kf6 37. h4 Ne4 38. Bxe4 dxe4 39. Rxb7 e3 40. Rf7+ Ke5 41. Re7+ Kf4 42. Kb1 Kxg4 43.
Rxe3 Kxh4 44. Ne6 g5 45. Nxg7 g4 46. Nf5+ Kg5 47. Ng3 Kf4 48. Rd3 b4 49. Kb2 Rc3 50. Ne2+ Ke4 51. Nxc3+ bxc3+ 52. Rxc3 1-0

[Event "*** SCC Grand Prix: Titled Tuesday Blitz"]
[Site "Chess.com"]
[Date "2020.09.08"]
[Round "4"]
[White "Ginger_GM"]
[Black "mbojan"]
[Result "1/2-1/2"]
[WhiteElo "2610"]
[BlackElo "2799"]
[TimeControl "180+1"]
[EndTime "10:40:34 PDT"]
[Termination "Game drawn - insufficient material"]

1. d4 Nf6 2. c4 c5 3. d5 b5 4. cxb5 a6 5. Nc3 axb5 6. e4 b4 7. Nb5 d6 8. Bc4 Nbd7 9. Nf3 Nb6 10. b3 Nxc4 11. bxc4 e5 12. dxe6 Bxe6 13. Qd3 Be7 14. O-O O-O 15. Bf4 Ra6 16. Rfd1 Ne8 17. e5 dxe5 18. Qe2 exf4 19. Rxd8 Bxd8 20. Rd1 Bf6 21. Qe4 Rxa2 22. Qxf4 Rc2 23. Ne5 Bxe5 24. Qxe5 Rxc4 25. h3 Nf6 26. Nc7 Bc8 27. Qe7 Rd4 28. Rxd4 cxd4 29.
Qxb4 d3 30. Qd4 Bf5 31. g4 Bg6 32. f4 h5 33. f5 Bh7 34. Nd5 Nxd5 35. Qxd5 hxg4 36.
hxg4 Kh8 37. Qxd3 f6 38. Kf2 Re8 39. Kf3 Bg8 40. Qd7 Rf8 41. Kg3 Bf7 42. Qe7 Kg8 43.
Kh4 Be8 44. g5 fxg5+ 45. Kxg5 Bf7 46. Qd6 Be8 47. Qe5 Bd7 48. Kg6 Rf6+ 49. Qxf6 gxf6 50. Kxf6 Bxf5 1/2-1/2

[Event "*** SCC Grand Prix: Titled Tuesday Blitz"]
[Site "Chess.com"]
[Date "2020.09.08"]
[Round "4"]
[White "Brave_spirit12"]
[Black "j_coca"]
[Result "1/2-1/2"]
[WhiteElo "2498"]
[BlackElo "2332"]
[TimeControl "180+1"]
[EndTime "10:40:34 PDT"]
[Termination "Game drawn by repetition"]

1. e4 Nf6 2. e5 Nd5 3. Nf3 d6 4.
Nc3 Nxc3 5. dxc3 Nc6 6. Bf4 Bg4 7. Bb5 e6 8. h3 Bh5 9. O-O Be7 10. Qe2 O-O 11.
Rad1 Qc8 12. exd6 cxd6 13. Bxd6 Bxd6 14. Rxd6 Qc7 15. Rfd1 Qb6 16. g4 Bg6 17. Ne5 Rac8 18.
Nd7 Qa5 19. Nxf8 Rxf8 20. Bxc6 bxc6 21. Rxc6 Qxa2 22. Qb5 Bxc2 23. Rd2 Ba4 24. Qc5 Bxc6 25. Qxc6 a5 26. c4 h6 27. c5 a4 28. Qd6 a3 29.
bxa3 Qxa3 30. Kg2 Rc8 31. Rc2 Qa4 32. Qd3 Rc6 33. f3 g6 34. Qe4 Qxe4 35. fxe4 Kg7 36. Kf3 Kf6 37. Ke3 Ke5 38. Kd3 f6 39. h4 g5 40.
hxg5 hxg5 41. Ke3 f5 42. exf5 exf5 43. gxf5 Kxf5 44. Kd4 Kf4 45. Rf2+ Kg3 46. Rf8 g4 47. Kd5 Rc7 48. Kd6 Ra7 49. c6 Kg2 50. c7 Rxc7 51.
Kxc7 g3 52. Kd6 Kh1 53. Rh8+ Kg1 54. Ke5 g2 55. Ke4 Kf2 56. Rf8+ Ke1 57. Rg8 Kf2 58.
Rf8+ Ke1 59. Rg8 Kf2 60. Rf8+ 1/2-1/2

[Event "*** SCC Grand Prix: Titled Tuesday Blitz"]
[Site "Chess.com"]
[Date "2020.09.08"]
[Round "4"]
[White "IroniaSudby"]
[Black "dosto07"]
[Result "1-0"]
[WhiteElo "2501"]
[BlackElo "2321"]
[TimeControl "180+1"]
[EndTime "10:40:34 PDT"]
[Termination "IroniaSudby won by resignation"]

1. d4 d5 2. c4 dxc4 3. Nf3 Nf6 4.
e3 e6 5. Bxc4 c5 6. O-O Nc6 7.
a3 a6 8. dxc5 Bxc5 9. Qc2 Qe7 10.
b4 Bd6 11. Bb2 O-O 12. Nbd2 b5 13. Bd3 Bb7 14. Bxf6 Qxf6 15. Bxh7+ Kh8 16. Ne4 Qe7 17. Nxd6 Qxd6 18. Rfd1 Qe7 19. Be4 Rac8 20. Qe2 Rfd8 21. h4 f6 22. h5 Kg8 23. Rxd8+ Rxd8 24. Rd1 Kf8 25. Bxc6 Bxc6 26. Nd4 Bd7 27. Rc1 Qd6 28. Nb3 e5 29. Rd1 Qe7 30. Qd2 Ke8 31. Nc5 Bc8 32. Qxd8+ Qxd8 33. Rxd8+ Kxd8 34. f3 Kc7 35. Kf2 Kb6 36.
g4 a5 37. Kg3 axb4 38. axb4 Kc7 39. f4 Kd6 40. g5 Ke7 41. Kh4 Kf7 42. Ne4 exf4 43. exf4 Ke7 44. h6 gxh6 45. gxh6 Bf5 46. Nc5 Kd6 47. Kg3 Kd5 48. Nd7 Kc4 49. Nxf6 Bg6 50.
h7 Bxh7 51. Nxh7 Kxb4 52. f5 Kc5 53. Kg4 b4 54. f6 b3 55. f7 b2 56. f8=Q+ 1-0

[Event "*** SCC Grand Prix: Titled Tuesday Blitz"]
[Site "Chess.com"]
[Date "2020.09.08"]
[Round "4"]
[White "MF1966Idrisov"]
[Black "GMJustin"]
[Result "1/2-1/2"]
[WhiteElo "2395"]
[BlackElo "2224"]
[TimeControl "180+1"]
[EndTime "10:40:34 PDT"]
[Termination "Game drawn by repetition"]

1. Nf3 g6 2. d4 Nf6 3. g3 Bg7 4. Bg2 O-O 5. O-O c5 6. c3 Na6 7. Bf4 d6 8. Nbd2 Bd7 9. dxc5 Nxc5 10. Be3 Bc6 11. Nb3 Nfd7 12. Nbd4 Be4 13. Qd2 Rc8 14. Bh6 Qb6 15. Bxg7 Kxg7 16. Ng5 Bxg2 17. Kxg2 e5 18. Ndf3 h6 19. Nh3 Ne4 20.
Qc2 f5 21. Nd2 Ndf6 22. f3 Nxd2 23. Qxd2 d5 24. Nf2 Rfd8 25. Rfd1 e4 26. Nh3 d4 27.
cxd4 Rc4 28. Rac1 Rcxd4 29. Qc2 g5 30. Rxd4 Rxd4 31. Nf2 Rd7 32. fxe4 fxe4 33. Qc3 Qd4 34. Qxd4 Rxd4 35. Rc7+ Kg6 36. Rxb7 Rd2 37. Kf1 Rc2 38. Rxa7 Rxb2 39. Ra6 Rb1+ 40. Kg2 Kf5 41. g4+ Nxg4 42. Nxg4 Kxg4 43. Rxh6 Rb2 44. Kf2 Rxa2 45. Ke3 Ra4 46. Rh8 Kf5 47. Rf8+ Ke5 48. Re8+ Kf5 49. Rf8+ Ke5 50.
Re8+ Kf5 51. Rf8+ 1/2-1/2

[Event "*** SCC Grand Prix: Titled Tuesday Blitz"]
[Site "Chess.com"]
[Date "2020.09.08"]
[Round "4"]
[White "suyu28"]
[Black "creativity"]
[Result "1-0"]
[WhiteElo "2568"]
[BlackElo "2089"]
[TimeControl "180+1"]
[EndTime "10:40:38 PDT"]
[Termination "suyu28 won by resignation"]

1. d4 f5 2. g3 Nf6 3. Bg2 g6 4.
b4 Bg7 5. Bb2 O-O 6. c4 d6 7. Nf3 a5 8. b5 Ne4 9. O-O Nd7 10. a4 Nb6 11. Qc2 Be6 12. Na3 c5 13. bxc6 bxc6 14. Rab1 Rb8 15. Rfd1 c5 16. d5 Bd7 17.
Nb5 g5 18. Bxg7 Kxg7 19. Ne1 Nf6 20. Nd3 Qe8 21. Rb2 Qg6 22. Rdb1 Nc8 23. Qc3 h5 24. Qxa5 e5 25. dxe6 Bxe6 26. Qc7+ Rf7 27. Qxb8 f4 28. Nxd6 Nxd6 29. Qxd6 fxg3 30. hxg3 Rd7 31. Rb7 Rxb7 32. Rxb7+ Bf7 33. Ne5 h4 34. Rxf7+ Qxf7 35. Nxf7 Kxf7 36. Qxf6+ Kxf6 37. gxh4 gxh4 38. a5 Ke5 39. a6 Kd4 40. Bd5 Kc3 41. a7 Kd2 42. a8=Q Ke1 43. f4 h3 44. f5 h2+ 45. Kxh2 Kxe2 46. f6 Ke3 47.
Qa3+ Kd4 48. f7 1-0

[Event "*** SCC Grand Prix: Titled Tuesday Blitz"]
[Site "Chess.com"]
[Date "2020.09.08"]
[Round "4"]
[White "XiaoKangZhong"]
[Black "ErikRonka"]
[Result "1-0"]
[WhiteElo "2425"]
[BlackElo "2248"]
[TimeControl "180+1"]
[EndTime "10:40:38 PDT"]
[Termination "XiaoKangZhong won by checkmate"]

1. e4 c6 2. d4 d5 3. e5 c5 4. dxc5 e6 5. Be3 Nd7 6. Bb5 Ne7 7. Nf3 Nf5 8. Bd4 a6 9. Bxd7+ Bxd7 10. O-O Nxd4 11.
Qxd4 Rc8 12. b4 b6 13. cxb6 Rc4 14. Qd1 Rxb4 15. c3 Rxb6 16. Nbd2 Be7 17. Nd4 O-O 18. c4 f6 19. cxd5 exd5 20. exf6 Bxf6 21. N2b3 Re8 22. Rc1 Bb5 23. Nxb5 Rxb5 24. Re1 d4 25. Rxe8+ Qxe8 26. Nxd4 Rb2 27. Nf3 h6 28. Rc2 Rb8 29. h3 Rd8 30.
Rd2 Rc8 31. Re2 Qf7 32. Qd3 Rd8 33. Qxa6 Qc7 34. Qe6+ Kh8 35. g3 Qc1+ 36. Re1 Rd1 37. Rxd1 Qxd1+ 38. Kg2 Qa4 39. Qb3 Qa8 40. h4 g5 41.
hxg5 hxg5 42. Qe6 Kg7 43. g4 Qa4 44. Kh3 Qf4 45. Kg2 Qa4 46. Nh2 Qa8+ 47. f3 Qb8 48.
Nf1 Qb2+ 49. Kg3 Qb8+ 50. Kh3 Qb2 51. Ng3 Qf2 52. Nh5+ Kh7 53. Qf7+ Kh8 54. Qxf6+ Kg8 55. Qg7# 1-0

[Event "*** SCC Grand Prix: Titled Tuesday Blitz"]
[Site "Chess.com"]
[Date "2020.09.08"]
[Round "4"]
[White "CaspiIsrael"]
[Black "ajedrezsinlimites"]
[Result "1-0"]
[WhiteElo "2645"]
[BlackElo "2446"]
[TimeControl "180+1"]
[EndTime "10:40:39 PDT"]
[Termination "CaspiIsrael won by resignation"]

1. e4 e5 2. Nf3 Nc6 3. Bb5 a6 4.
Ba4 b5 5. Bb3 Na5 6. d4 Nxb3 7.
axb3 exd4 8. Qxd4 d6 9. Bg5 Nf6 10. Bxf6 Qxf6 11. Qxf6 gxf6 12. O-O Bb7 13. Nc3 O-O-O 14.
Nd4 Re8 15. f3 Bh6 16. Nf5 Bf4 17. Ne2 Be5 18. c3 d5 19. f4 Bd6 20. Nxd6+ cxd6 21. Kf2 dxe4 22. Ke3 Rhg8 23. g3 Kc7 24. b4 f5 25.
Rfd1 h5 26. Rg1 Kb6 27. Nd4 Bc8 28. Rae1 Be6 29. Nc2 Ra8 30. Rd1 Rgd8 31. Ra1 Rg8 32. Kd4 Rgc8 33. Ne3 Rg8 34. Ng2 Rgc8 35. Ke3 Rc4 36.
Ra5 Rd8 37. Rga1 Bc8 38. Rd1 d5 39. Rd4 Kc6 40. Ra1 Kd6 41. Rad1 Ke6 42. Rxc4 bxc4 43. Kd4 Kd6 44. Ra1 f6 45. Ra5 Rd7 46. Ne3 Bb7 47.
Nxf5+ Ke6 48. Ne3 f5 49. b5 axb5 50. Rxb5 h4 51. Rb6+ Kf7 52. gxh4 Bc8 53. h5 Kg8 54. Nxf5 Kh7 55. Rh6+ Kg8 56. Rc6 Bb7 57. Rg6+ Kh7 58. Rh6+ Kg8 59. Rd6 Rf7 60. Nh6+ 1-0

[Event "*** SCC Grand Prix: Titled Tuesday Blitz"]
[Site "Chess.com"]
[Date "2020.09.08"]
[Round "4"]
[White "DvaHrasta"]
[Black "Off-War"]
[Result "0-1"]
[WhiteElo "2476"]
[BlackElo "2683"]
[TimeControl "180+1"]
[EndTime "10:40:40 PDT"]
[Termination "Off-War won by resignation"]

1. c4 Nf6 2. g3 g6 3. Bg2 Bg7 4. Nf3 O-O 5. O-O d6 6. Nc3 c6 7. d3 e5 8. Rb1 Re8 9. e4 d5 10.
cxd5 cxd5 11. Bg5 d4 12. Nd5 Qd6 13. Qb3 Nxd5 14. exd5 Nd7 15. Nd2 Nc5 16. Nc4 Qa6 17.
Qa3 Qxa3 18. bxa3 f6 19. Bd2 Nxd3 20. Nd6 Rd8 21. Nxb7 Bxb7 22. Rxb7 f5 23. Bg5 e4 24.
Bxd8 Rxd8 25. Rfb1 Bf8 26. Rb8 Rxd5 27. R1b7 Nc5 28.
Rxa7 d3 29. Bf1 d2 30. Be2 d1=Q+ 31. Bxd1 Rxd1+ 32. Kg2 Rd2 33. Raa8 Nd7 34. Re8 Kf7 35. g4 Bc5 36. gxf5 gxf5 37. Rh8 Rxf2+ 38. Kg3 Rf3+ 39.
Kg2 Nf6 40. Rhc8 Bd4 41. Rc7+ Kg6 42. Ra6 Rd3 43. Rc2 f4 44. a4 f3+ 45. Kg3 f2+ 46.
Kg2 e3 47. a5 Rd1 48. Kf3 f1=Q+ 0-1